Vancouver Canucks vs Nashville Predators
Created - Friday, November 17, 2023 at 07:47
Goals
|
| Vancouver Canucks |
1 |
0 |
1 |
0 |
2 |
3 |
| Nashville Predators |
0 |
2 |
0 |
0 |
0 |
2 |
|
Shots
|
| Vancouver Canucks |
13 |
7 |
7 |
0 |
3 |
27 |
| Nashville Predators |
6 |
12 |
9 |
1 |
2 |
28 |
|
1st period
1. Vancouver Canucks , Kasperi Kapanen 12 (Aleksander Barkov 35, Robby Fabbri 16) at 16:19
Penalties :
Robby Fabbri (VAN) for Elbowing (Minor) at 16:57
2nd period
2. Nashville Predators , Sam Gagner 16 (Thomas Novak 20) at 4:48 (PP)
3. Nashville Predators , Cale Makar 11 (Blake Wheeler 30, Corey Perry 21) at 13:59 (PP)
Penalties :
Sam Lafferty (VAN) for Tripping (Minor) at 3:53, Miro Heiskanen (VAN) for Interference (Minor) at 6:51, Clayton Keller (VAN) for High sticking (Minor) at 13:46, Blake Wheeler (NSH) for Interference (Minor) at 17:06
3rd period
4. Vancouver Canucks , Mikko Rantanen 35 (Miro Heiskanen 34, Jesperi Kotkaniemi 29) at 2:17
Penalties :
Patrick Maroon (NSH) for Hooking (Minor) at 7:06, Rasmus Ristolainen (NSH) for Boarding (Minor) at 13:52
Overtime #1
No Goal
Penalties :
No Penalty
Shootout
Vancouver Canucks, Miro Heiskanen - Goal!
Nashville Predators, Blake Wheeler - Stopped by Ville Husso
Vancouver Canucks, Anton Lundell - Stopped by Adin Hill
Nashville Predators, Corey Perry - Stopped by Ville Husso
Vancouver Canucks, Jesperi Kotkaniemi - Goal!
Penalties :
No Penalty
Goalie Stats
Ville Husso (VAN), 26 saves from 28 shots - (0.929), W, 9-13-4, 65:00 minutes
Adin Hill (NSH), 25 saves from 27 shots - (0.926), OTL, 20-17-4, 65:00 minutes
Players Stats for Vancouver Canucks
Player Name G A P +/- PIM S H SB GA TA FO MP PP MP PK MP
------------------------------------------------------------------------------------
Adam Boqvist 0 0 0 1 0 1 0 3 0 0 0/0 16:53 0:00 0:47
Aleksander Barkov 0 1 1 1 0 3 2 0 0 0 7/10 12:57 0:00 0:00
Anton Lundell 0 0 0 0 0 1 1 1 0 0 0/0 18:05 2:47 1:10
Artturi Lehkonen 0 0 0 1 0 1 4 1 1 0 0/2 23:19 2:47 3:23
Casey Mittelstadt 0 0 0 0 0 2 1 0 2 0 1/3 15:02 2:47 2:02
Clayton Keller 0 0 0 1 2 4 1 1 0 0 2/2 20:21 3:07 0:00
Jake Bean 0 0 0 1 0 1 2 1 0 0 0/0 22:08 3:19 1:36
Jesperi Kotkaniemi 0 1 1 0 0 2 2 0 1 0 4/8 12:36 3:10 0:00
Kasperi Kapanen 1 0 1 1 0 1 1 0 0 0 0/0 13:08 0:13 0:00
Maxence Guenette 0 0 0 0 0 0 1 0 0 0 0/0 12:07 0:00 0:00
Mikko Rantanen 1 0 1 1 0 5 3 1 0 0 10/21 21:39 3:00 1:02
Miro Heiskanen 0 1 1 1 2 1 0 1 0 1 0/0 28:35 3:19 0:49
Noah Cates 0 0 0 0 0 0 2 0 0 0 0/0 11:15 0:00 0:00
Noah Hanifin 0 0 0 1 0 1 1 2 1 3 0/0 30:18 2:38 3:30
Olli Maatta 0 0 0 0 0 1 0 2 0 2 0/0 20:02 2:38 3:30
Robby Fabbri 0 1 1 1 2 1 1 1 2 0 0/1 13:38 0:00 0:00
Sam Lafferty 0 0 0 0 2 1 6 0 0 0 4/5 11:03 0:00 2:35
Taylor Raddysh 0 0 0 0 0 1 0 0 0 1 1/1 11:44 0:00 0:00
Players Stats for Nashville Predators
Player Name G A P +/- PIM S H SB GA TA FO MP PP MP PK MP
------------------------------------------------------------------------------------
Alex Newhook 0 0 0 0 0 2 1 0 1 0 0/0 14:07 0:00 0:36
Alexander Alexeyev 0 0 0 0 0 0 1 3 0 1 0/0 22:53 2:59 2:44
Blake Wheeler 0 1 1 0 2 2 1 1 0 1 2/5 18:59 2:29 1:57
Brett Leason 0 0 0 -1 0 2 0 0 0 0 0/1 17:24 0:00 2:22
Cale Makar 1 0 1 0 0 4 2 1 1 1 0/0 24:14 2:07 3:00
Cameron Hughes 0 0 0 -1 0 1 2 0 1 0 0/0 12:59 0:00 0:00
Corey Perry 0 1 1 0 0 1 2 1 0 0 5/10 16:18 2:29 0:00
Ethan Bear 0 0 0 0 0 0 0 1 0 1 0/0 22:53 2:59 2:44
Justin Braun 0 0 0 -2 0 2 1 3 0 1 0/0 17:55 0:00 0:33
Kevin Labanc 0 0 0 0 0 1 0 0 0 0 2/2 18:39 2:29 1:11
Nate Schmidt 0 0 0 -2 0 0 2 2 0 0 0/0 18:46 0:00 1:00
Patrick Maroon 0 0 0 -1 2 0 3 0 1 0 0/0 12:04 0:00 0:28
Rasmus Kupari 0 0 0 -1 0 0 0 0 0 0 0/0 9:32 0:00 0:00
Rasmus Ristolainen 0 0 0 0 2 2 2 0 1 0 0/0 23:21 2:07 1:53
Riley Nash 0 0 0 -1 0 2 1 0 1 0 0/10 15:58 2:37 2:59
Ryan Carpenter 0 0 0 -1 0 3 2 1 0 0 2/2 15:39 0:00 2:21
Sam Gagner 1 0 1 0 0 2 1 0 1 1 0/1 14:51 2:37 0:00
Thomas Novak 0 1 1 0 0 4 1 0 0 1 13/22 17:28 2:37 0:00
3 Stars
1 - Mikko Rantanen (VAN)
2 - Kasperi Kapanen (VAN)
3 - Cale Makar (NSH)
Power Play
Vancouver Canucks - 0 on 3 Attempt(s) - 0.00%
Nashville Predators - 2 on 4 Attempt(s) - 50.00%
Penalty Kill
Vancouver Canucks - 2 on 4 Attempt(s) - 50.00%
- Score 0 goal in Penalty Kill
Nashville Predators - 3 on 3 Attempt(s) - 100.00%
- Score 0 goal in Penalty Kill
Team Stat
Vancouver Canucks - Hits : 28 - Faceoff Wins : 29 - Blocked Shots : 14 - Penalty Minutes : 8
Nashville Predators - Hits : 22 - Faceoff Wins : 24 - Blocked Shots : 13 - Penalty Minutes : 6
Official
Referees : Rob Martell and Tom Chmielewski
Linesman : Bryan Pancich and Shane Heyer
Game Notes
No Game Note
Finance
Level 1 -- Attendance: 4676 (77.93%) -- Ticket Income $467,600
Level 2 -- Attendance: 3742 (74.84%) -- Ticket Income $224,520
Level 3 -- Attendance: 2272 (75.73%) -- Ticket Income $79,520
Level 4 -- Attendance: 3934 (78.68%) -- Ticket Income $98,350
Luxury Box -- Attendance: 705 (70.50%) -- Ticket Income $141,000
Game was played at the Bridgestone Arena.
Total Attendance: 15329 (76.65%)
Total Ticket Income: $1,010,990
Other Income: $353,846
Total Income: $1,364,836
Vancouver Canucks
5 vs 5 Forward
Center Left Wing Right Wing Time % Phy DF OF
1 Mikko Rantanen Clayton Keller Artturi Lehkonen 40 0 2 3
2 Aleksander Barkov Robby Fabbri Kasperi Kapanen 30 1 2 2
3 Jesperi Kotkaniemi Casey Mittelstadt Sam Lafferty 20 1 2 2
4 Anton Lundell Noah Cates Taylor Raddysh 10 1 2 2
5 vs 5 Defense
Defense Defense Time % Phy DF OF
1 Noah Hanifin Miro Heiskanen 40 1 2 2
2 Jake Bean Adam Boqvist 30 1 2 2
3 Maxence Guenette Olli Maatta 20 1 2 2
4 Noah Hanifin Miro Heiskanen 10 1 2 2
PowerPlay Forward
Center Left Wing Right Wing Time % Phy DF OF
1 Jesperi Kotkaniemi Clayton Keller Mikko Rantanen 60 0 1 4
2 Casey Mittelstadt Anton Lundell Artturi Lehkonen 40 0 1 4
PowerPlay Defense
Defense Defense Time % Phy DF OF
1 Miro Heiskanen Jake Bean 60 0 1 4
2 Noah Hanifin Olli Maatta 40 0 1 4
Penalty Kill 4 Players Forward
Center Wing Time % Phy DF OF
1 Sam Lafferty Artturi Lehkonen 60 1 3 1
2 Casey Mittelstadt Anton Lundell 40 1 3 1
Penalty Kill 4 Players Defense
Defense Defense Time % Phy DF OF
1 Noah Hanifin Olli Maatta 60 1 3 1
2 Miro Heiskanen Jake Bean 40 1 3 1
Penalty Kill - 3 Players Forward
Forward Time % Phy DF OF
1 Aleksander Barkov 60 1 3 1
2 Sam Lafferty 40 1 3 1
Penalty Kill - 3 Players Defense
Defense Defense Time % Phy DF OF
1 Noah Hanifin Olli Maatta 60 1 3 1
2 Miro Heiskanen Jake Bean 40 1 3 1
4 vs 4 Forward
Center Wing Time % Phy DF OF
1 Clayton Keller Mikko Rantanen 60 1 2 2
2 Anton Lundell Artturi Lehkonen 40 1 2 2
4 vs 4 Defense
Defense Defense Time % Phy DF OF
1 Miro Heiskanen Noah Hanifin 60 1 2 2
2 Olli Maatta Jake Bean 40 1 2 2
Last Minutes Offensive
Center Left Wing Right Wing Defense Defense
Anton Lundell Clayton Keller Mikko Rantanen Miro Heiskanen Noah Hanifin
Last Minutes Defensive
Center Left Wing Right Wing Defense Defense
Sam Lafferty Anton Lundell Artturi Lehkonen Noah Hanifin Olli Maatta
Goaltenders
Starting : Ville Husso
Backup : Joonas Korpisalo
Extra Forwards
Normal : Mikko Rantanen, Anton Lundell, Artturi Lehkonen - PP : Clayton Keller, Kasperi Kapanen - PK : Mikko Rantanen
Extra Defensemen
Normal : Miro Heiskanen, Noah Hanifin, Olli Maatta - PP : Jake Bean - PK : Noah Hanifin, Adam Boqvist
Penalty Shots
Miro Heiskanen, Anton Lundell, Jesperi Kotkaniemi, Artturi Lehkonen, Mikko Rantanen
Nashville Predators
5 vs 5 Forward
Center Left Wing Right Wing Time % Phy DF OF
1 Thomas Novak Kevin Labanc Blake Wheeler 30 1 2 2
2 Corey Perry Alex Newhook Sam Gagner 30 1 2 2
3 Riley Nash Patrick Maroon Rasmus Kupari 25 1 2 2
4 Ryan Carpenter Cameron Hughes Brett Leason 15 1 2 2
5 vs 5 Defense
Defense Defense Time % Phy DF OF
1 Cale Makar Rasmus Ristolainen 35 1 2 2
2 Nate Schmidt Justin Braun 35 1 2 2
3 Alexander Alexeyev Ethan Bear 30 1 2 2
4 Cale Makar Nate Schmidt 0 1 2 2
PowerPlay Forward
Center Left Wing Right Wing Time % Phy DF OF
1 Blake Wheeler Kevin Labanc Corey Perry 50 1 2 2
2 Thomas Novak Riley Nash Sam Gagner 50 1 2 2
PowerPlay Defense
Defense Defense Time % Phy DF OF
1 Cale Makar Rasmus Ristolainen 50 1 2 2
2 Alexander Alexeyev Ethan Bear 50 1 2 2
Penalty Kill 4 Players Forward
Center Wing Time % Phy DF OF
1 Riley Nash Blake Wheeler 50 1 2 2
2 Ryan Carpenter Brett Leason 50 1 2 2
Penalty Kill 4 Players Defense
Defense Defense Time % Phy DF OF
1 Cale Makar Rasmus Ristolainen 50 1 2 2
2 Ethan Bear Alexander Alexeyev 50 1 2 2
Penalty Kill - 3 Players Forward
Forward Time % Phy DF OF
1 Riley Nash 50 1 2 2
2 Ryan Carpenter 50 1 2 2
Penalty Kill - 3 Players Defense
Defense Defense Time % Phy DF OF
1 Cale Makar Rasmus Ristolainen 50 1 2 2
2 Alexander Alexeyev Ethan Bear 50 1 2 2
4 vs 4 Forward
Center Wing Time % Phy DF OF
1 Thomas Novak Blake Wheeler 50 1 2 2
2 Kevin Labanc Corey Perry 50 1 2 2
4 vs 4 Defense
Defense Defense Time % Phy DF OF
1 Rasmus Ristolainen Cale Makar 50 1 2 2
2 Ethan Bear Alexander Alexeyev 50 1 2 2
Last Minutes Offensive
Center Left Wing Right Wing Defense Defense
Blake Wheeler Kevin Labanc Corey Perry Rasmus Ristolainen Nate Schmidt
Last Minutes Defensive
Center Left Wing Right Wing Defense Defense
Blake Wheeler Kevin Labanc Corey Perry Rasmus Ristolainen Nate Schmidt
Goaltenders
Starting : Adin Hill
Backup : Kevin Lankinen
Extra Forwards
Normal : Brett Leason, Alex Newhook, Blake Wheeler - PP : Brett Leason, Alex Newhook - PK : Kevin Labanc
Extra Defensemen
Normal : Alexander Alexeyev, Cale Makar, Nate Schmidt - PP : Alexander Alexeyev - PK : Ethan Bear, Nate Schmidt
Penalty Shots
Blake Wheeler, Corey Perry, Thomas Novak, Kevin Labanc, Riley Nash
% Time on Ice - Vancouver Canucks
Lines # - Real PCT - Wanted PCT - Time Play
Normal Forward
1 - 31% - 40% - 15:24
2 - 30% - 30% - 14:31
3 - 16% - 20% - 7:47
4 - 23% - 10% - 11:15
Normal Defense
1 - 40% - 40% - 19:41
2 - 31% - 30% - 15:11
3 - 25% - 20% - 12:07
4 - 4% - 10% - 1:58
PP Forward
1 - 53% - 60% - 3:10
2 - 47% - 40% - 2:47
PP Defense
1 - 56% - 60% - 3:19
2 - 44% - 40% - 2:38
PK Forward
1 - 78% - 60% - 3:59
2 - 22% - 40% - 1:07
PK Defense
1 - 69% - 60% - 3:30
2 - 31% - 40% - 1:36
PK3 Forward
1 - 0% - 60%
2 - 0% - 40%
PK3 Defense
1 - 0% - 60%
2 - 0% - 40%
44 Forward
1 - 94% - 60% - 4:41
2 - 6% - 40% - 0:19
44 Defense
1 - 65% - 60% - 3:16
2 - 35% - 40% - 1:44
Last Minute Offensive - 0:00
Last Minute Defensive - 0:00
Total
Forward - 65:00
Defense - 65:00
|
% Time on Ice - Nashville Predators
Lines # - Real PCT - Wanted PCT - Time Play
Normal Forward
1 - 26% - 30% - 12:48
2 - 28% - 30% - 13:49
3 - 19% - 25% - 9:32
4 - 26% - 15% - 12:48
Normal Defense
1 - 36% - 35% - 17:41
2 - 35% - 35% - 17:02
3 - 29% - 30% - 14:14
4 - 0% - 0% - 0:00
PP Forward
1 - 49% - 50% - 2:29
2 - 51% - 50% - 2:37
PP Defense
1 - 42% - 50% - 2:07
2 - 58% - 50% - 2:59
PK Forward
1 - 54% - 50% - 3:14
2 - 46% - 50% - 2:43
PK Defense
1 - 54% - 50% - 3:13
2 - 46% - 50% - 2:44
PK3 Forward
1 - 0% - 50%
2 - 0% - 50%
PK3 Defense
1 - 0% - 50%
2 - 0% - 50%
44 Forward
1 - 53% - 50% - 2:39
2 - 47% - 50% - 2:21
44 Defense
1 - 54% - 50% - 2:43
2 - 46% - 50% - 2:17
Last Minute Offensive - 0:00
Last Minute Defensive - 0:00
Total
Forward - 65:00
Defense - 65:00
|
Play-by-Play
1st period
0:01 of 1st period - Mikko Rantanen wins face-off versus Thomas Novak in neutral zone.
0:14 of 1st period - Snap shot by Thomas Novak.
0:14 of 1st period - Stopped by Ville Husso without a rebound.
0:15 of 1st period - Aleksander Barkov wins face-off versus Corey Perry in Vancouver Canucks zone.
0:22 of 1st period - Slapshot by Robby Fabbri.
0:22 of 1st period - Shot Misses the Net.
0:24 of 1st period - Slapshot by Jake Bean.
0:24 of 1st period - Shot Misses the Net.
0:26 of 1st period - Snap shot by Robby Fabbri.
0:26 of 1st period - Stopped by Adin Hill with a rebound.
1:23 of 1st period - Ryan Carpenter is hit by Noah Cates and loses puck.
1:37 of 1st period - Icing by Noah Cates.
1:38 of 1st period - Taylor Raddysh wins face-off versus Corey Perry in Vancouver Canucks zone.
2:05 of 1st period - Snap shot by Aleksander Barkov.
2:05 of 1st period - Stopped by Adin Hill without a rebound.
2:06 of 1st period - Mikko Rantanen wins face-off versus Riley Nash in Nashville Predators zone.
2:15 of 1st period - Ethan Bear is hit by Artturi Lehkonen and loses puck.
2:41 of 1st period - Rasmus Ristolainen is hit by Sam Lafferty.
6:03 of 1st period - Miro Heiskanen is hit by Cameron Hughes and loses puck.
7:03 of 1st period - Alexander Alexeyev is hit by Noah Cates and loses puck.
7:24 of 1st period - Ryan Carpenter is hit by Anton Lundell.
7:54 of 1st period - Snap shot by Taylor Raddysh.
7:54 of 1st period - Shot Misses the Net.
8:41 of 1st period - Slapshot by Ryan Carpenter.
8:41 of 1st period - Stopped by Ville Husso with a rebound.
8:49 of 1st period - Wrist shot by Taylor Raddysh.
8:49 of 1st period - Shot Blocked by Alexander Alexeyev.
9:12 of 1st period - Taylor Raddysh is hit by Ryan Carpenter and loses puck.
10:03 of 1st period - Snap shot by Anton Lundell.
10:03 of 1st period - Shot Misses the Net.
10:29 of 1st period - Wrist shot by Anton Lundell.
10:29 of 1st period - Shot Blocked by Ethan Bear.
10:31 of 1st period - Snap shot by Miro Heiskanen.
10:31 of 1st period - Shot Blocked by Ryan Carpenter.
10:33 of 1st period - Slapshot by Miro Heiskanen.
10:33 of 1st period - Stopped by Adin Hill without a rebound.
10:34 of 1st period - Thomas Novak wins face-off versus Mikko Rantanen in Nashville Predators zone.
10:34 of 1st period - Thomas Novak is hit by Jake Bean.
11:16 of 1st period - Icing by Nate Schmidt.
11:17 of 1st period - Mikko Rantanen wins face-off versus Corey Perry in Nashville Predators zone.
11:18 of 1st period - Snap shot by Artturi Lehkonen.
11:18 of 1st period - Shot Misses the Net.
11:20 of 1st period - Wrist shot by Clayton Keller.
11:20 of 1st period - Shot Misses the Net.
11:22 of 1st period - Wrist shot by Artturi Lehkonen.
11:22 of 1st period - Shot Misses the Net.
11:24 of 1st period - Slapshot by Olli Maatta.
11:24 of 1st period - Stopped by Adin Hill with a rebound.
11:26 of 1st period - Wrist shot by Mikko Rantanen.
11:26 of 1st period - Stopped by Adin Hill with a rebound.
11:32 of 1st period - Wrist shot by Mikko Rantanen.
11:32 of 1st period - Stopped by Adin Hill without a rebound.
11:33 of 1st period - Aleksander Barkov wins face-off versus Thomas Novak in Nashville Predators zone.
11:36 of 1st period - Snap shot by Kasperi Kapanen.
11:36 of 1st period - Shot Misses the Net.
11:48 of 1st period - Snap shot by Aleksander Barkov.
11:48 of 1st period - Shot Blocked by Blake Wheeler.
12:04 of 1st period - Rasmus Kupari is hit by Artturi Lehkonen and loses puck.
12:25 of 1st period - Slapshot by Riley Nash.
12:25 of 1st period - Stopped by Ville Husso with a rebound.
12:27 of 1st period - Slapshot by Cale Makar.
12:27 of 1st period - Shot Blocked by Adam Boqvist.
12:29 of 1st period - Wrist shot by Riley Nash.
12:29 of 1st period - Shot Misses the Net.
12:45 of 1st period - Wrist shot by Cale Makar.
12:45 of 1st period - Deflect By Riley Nash.
12:45 of 1st period - Shot Misses the Net.
12:45 of 1st period - Puck is out of play.
12:46 of 1st period - Aleksander Barkov wins face-off versus Thomas Novak in Vancouver Canucks zone.
12:46 of 1st period - Aleksander Barkov is hit by Blake Wheeler.
12:52 of 1st period - Blake Wheeler is hit by Aleksander Barkov and loses puck.
13:13 of 1st period - Snap shot by Jesperi Kotkaniemi.
13:13 of 1st period - Stopped by Adin Hill without a rebound.
13:14 of 1st period - Corey Perry wins face-off versus Jesperi Kotkaniemi in Nashville Predators zone.
13:44 of 1st period - Snap shot by Thomas Novak.
13:44 of 1st period - Stopped by Ville Husso without a rebound.
13:45 of 1st period - Thomas Novak wins face-off versus Mikko Rantanen in Vancouver Canucks zone.
13:58 of 1st period - Snap shot by Blake Wheeler.
13:58 of 1st period - Shot Blocked by Adam Boqvist.
14:04 of 1st period - Snap shot by Artturi Lehkonen.
14:04 of 1st period - Deflect By Clayton Keller.
14:04 of 1st period - Stopped by Adin Hill without a rebound.
14:05 of 1st period - Corey Perry wins face-off versus Robby Fabbri in Nashville Predators zone.
14:12 of 1st period - Slapshot by Cale Makar.
14:12 of 1st period - Shot Misses the Net.
14:14 of 1st period - Slapshot by Rasmus Ristolainen.
14:14 of 1st period - Stopped by Ville Husso without a rebound.
14:15 of 1st period - Corey Perry wins face-off versus Aleksander Barkov in Vancouver Canucks zone.
14:30 of 1st period - Olli Maatta is hit by Cale Makar and loses puck.
14:41 of 1st period - Kevin Labanc is hit by Clayton Keller and loses puck.
14:48 of 1st period - Slapshot by Clayton Keller.
14:48 of 1st period - Stopped by Adin Hill without a rebound.
14:49 of 1st period - Mikko Rantanen wins face-off versus Riley Nash in Nashville Predators zone.
14:50 of 1st period - Snap shot by Artturi Lehkonen.
14:50 of 1st period - Stopped by Adin Hill without a rebound.
14:51 of 1st period - Mikko Rantanen wins face-off versus Riley Nash in Nashville Predators zone.
14:58 of 1st period - Wrist shot by Artturi Lehkonen.
14:58 of 1st period - Shot Misses the Net.
15:21 of 1st period - Snap shot by Aleksander Barkov.
15:21 of 1st period - Stopped by Adin Hill without a rebound.
15:22 of 1st period - Thomas Novak wins face-off versus Jesperi Kotkaniemi in Nashville Predators zone.
15:42 of 1st period - Blake Wheeler is hit by Sam Lafferty and loses puck.
16:01 of 1st period - Wrist shot by Clayton Keller.
16:01 of 1st period - Stopped by Adin Hill without a rebound.
16:02 of 1st period - Aleksander Barkov wins face-off versus Riley Nash in Nashville Predators zone.
16:11 of 1st period - Snap shot by Kasperi Kapanen.
16:11 of 1st period - Deflect By Aleksander Barkov.
16:11 of 1st period - Shot Misses the Net.
16:11 of 1st period - Puck is out of play.
16:12 of 1st period - Aleksander Barkov wins face-off versus Riley Nash in Nashville Predators zone.
16:19 of 1st period - Snap shot by Kasperi Kapanen.
16:19 of 1st period - Goal by Kasperi Kapanen - Vancouver Canucks : 1 - Nashville Predators : 0.
16:20 of 1st period - Mikko Rantanen wins face-off versus Corey Perry in neutral zone.
16:54 of 1st period - Snap shot by Thomas Novak.
16:54 of 1st period - Stopped by Ville Husso without a rebound.
16:55 of 1st period - Aleksander Barkov wins face-off versus Riley Nash in Vancouver Canucks zone.
16:57 of 1st period - Minor Penalty to Robby Fabbri for Elbowing.
16:58 of 1st period - Sam Lafferty wins face-off versus Blake Wheeler in Vancouver Canucks zone.
17:10 of 1st period - Slapshot by Cale Makar.
17:10 of 1st period - Deflect By Corey Perry.
17:10 of 1st period - Shot Blocked by Olli Maatta.
17:10 of 1st period - Puck is out of play.
17:11 of 1st period - Sam Lafferty wins face-off versus Thomas Novak in Vancouver Canucks zone.
18:05 of 1st period - Snap shot by Sam Gagner.
18:05 of 1st period - Shot Blocked by Artturi Lehkonen.
18:07 of 1st period - Slapshot by Sam Gagner.
18:07 of 1st period - Shot Blocked by Noah Hanifin.
18:57 of 1st period - Penalty to Robby Fabbri is over, Robby Fabbri is back on ice.
19:06 of 1st period - Jake Bean is hit by Riley Nash and loses puck.
Goals for this period are 1 for Vancouver Canucks vs 0 for Nashville Predators.
Shots for this period are 13 for Vancouver Canucks vs 6 for Nashville Predators.
2nd period
0:01 of 2nd period - Thomas Novak wins face-off versus Mikko Rantanen in neutral zone.
0:04 of 2nd period - Artturi Lehkonen is hit by Justin Braun and loses puck.
0:25 of 2nd period - Miro Heiskanen is hit by Patrick Maroon.
0:35 of 2nd period - Wrist shot by Mikko Rantanen.
0:35 of 2nd period - Shot Misses the Net.
0:37 of 2nd period - Wrist shot by Clayton Keller.
0:37 of 2nd period - Shot Misses the Net.
0:45 of 2nd period - Snap shot by Clayton Keller.
0:45 of 2nd period - Shot Blocked by Nate Schmidt.
0:47 of 2nd period - Snap shot by Clayton Keller.
0:47 of 2nd period - Shot Misses the Net.
0:49 of 2nd period - Wrist shot by Clayton Keller.
0:49 of 2nd period - Shot Misses the Net.
1:09 of 2nd period - Wrist shot by Patrick Maroon.
1:09 of 2nd period - Shot Misses the Net.
1:15 of 2nd period - Justin Braun is hit by Mikko Rantanen and loses puck.
1:46 of 2nd period - Slapshot by Clayton Keller.
1:46 of 2nd period - Deflect By Justin Braun.
1:46 of 2nd period - Shot Misses the Net.
1:46 of 2nd period - Puck is out of play.
1:47 of 2nd period - Blake Wheeler wins face-off versus Aleksander Barkov in Nashville Predators zone.
2:14 of 2nd period - Wrist shot by Casey Mittelstadt.
2:14 of 2nd period - Shot Blocked by Corey Perry.
3:12 of 2nd period - Jake Bean is hit by Rasmus Ristolainen and loses puck.
3:53 of 2nd period - Minor Penalty to Sam Lafferty for Tripping.
3:54 of 2nd period - Thomas Novak wins face-off versus Mikko Rantanen in Vancouver Canucks zone.
3:56 of 2nd period - Wrist shot by Thomas Novak.
3:56 of 2nd period - Shot Misses the Net.
3:58 of 2nd period - Slapshot by Ethan Bear.
3:58 of 2nd period - Shot Blocked by Mikko Rantanen.
4:00 of 2nd period - Snap shot by Riley Nash.
4:00 of 2nd period - Stopped by Ville Husso without a rebound.
4:01 of 2nd period - Thomas Novak wins face-off versus Mikko Rantanen in Vancouver Canucks zone.
4:30 of 2nd period - Snap shot by Thomas Novak.
4:30 of 2nd period - Shot Misses the Net.
4:48 of 2nd period - Slapshot by Sam Gagner.
4:48 of 2nd period - Goal by Sam Gagner - Vancouver Canucks : 1 - Nashville Predators : 1.
4:49 of 2nd period - Ryan Carpenter wins face-off versus Aleksander Barkov in neutral zone.
4:52 of 2nd period - Slapshot by Cale Makar.
4:52 of 2nd period - Deflect By Ryan Carpenter.
4:52 of 2nd period - Stopped by Ville Husso with a rebound.
4:54 of 2nd period - Slapshot by Rasmus Ristolainen.
4:54 of 2nd period - Shot Misses the Net.
4:56 of 2nd period - Snap shot by Cale Makar.
4:56 of 2nd period - Deflect By Aleksander Barkov.
4:56 of 2nd period - Stopped by Ville Husso with a rebound.
4:58 of 2nd period - Snap shot by Brett Leason.
4:58 of 2nd period - Stopped by Ville Husso with a rebound.
5:20 of 2nd period - Backhand shot by Corey Perry.
5:20 of 2nd period - Shot Blocked by Robby Fabbri.
5:22 of 2nd period - Slapshot by Justin Braun.
5:22 of 2nd period - Shot Misses the Net.
5:24 of 2nd period - Slapshot by Nate Schmidt.
5:24 of 2nd period - Shot Misses the Net.
5:58 of 2nd period - Snap shot by Casey Mittelstadt.
5:58 of 2nd period - Shot Misses the Net.
6:00 of 2nd period - Slapshot by Adam Boqvist.
6:00 of 2nd period - Stopped by Adin Hill with a rebound.
6:02 of 2nd period - Slapshot by Sam Lafferty.
6:02 of 2nd period - Shot Blocked by Justin Braun.
6:04 of 2nd period - Wrist shot by Adam Boqvist.
6:04 of 2nd period - Shot Blocked by Nate Schmidt.
6:06 of 2nd period - Snap shot by Casey Mittelstadt.
6:06 of 2nd period - Stopped by Adin Hill with a rebound.
6:08 of 2nd period - Snap shot by Casey Mittelstadt.
6:08 of 2nd period - Shot Blocked by Justin Braun.
6:20 of 2nd period - Snap shot by Sam Gagner.
6:20 of 2nd period - Shot Blocked by Anton Lundell.
6:22 of 2nd period - Slapshot by Nate Schmidt.
6:22 of 2nd period - Shot Blocked by Adam Boqvist.
6:24 of 2nd period - Slapshot by Justin Braun.
6:24 of 2nd period - Stopped by Ville Husso without a rebound.
6:25 of 2nd period - Mikko Rantanen wins face-off versus Corey Perry in Vancouver Canucks zone.
6:44 of 2nd period - Snap shot by Alex Newhook.
6:44 of 2nd period - Stopped by Ville Husso without a rebound.
6:45 of 2nd period - Aleksander Barkov wins face-off versus Thomas Novak in Vancouver Canucks zone.
6:51 of 2nd period - Minor Penalty to Miro Heiskanen for Interference.
6:52 of 2nd period - Blake Wheeler wins face-off versus Sam Lafferty in Vancouver Canucks zone.
7:00 of 2nd period - Snap shot by Corey Perry.
7:00 of 2nd period - Shot Misses the Net.
7:02 of 2nd period - Wrist shot by Corey Perry.
7:02 of 2nd period - Deflect By Blake Wheeler.
7:02 of 2nd period - Stopped by Ville Husso without a rebound.
7:03 of 2nd period - Sam Lafferty wins face-off versus Blake Wheeler in Vancouver Canucks zone.
8:51 of 2nd period - Penalty to Miro Heiskanen is over, Miro Heiskanen is back on ice.
9:19 of 2nd period - Nate Schmidt is hit by Robby Fabbri and loses puck.
10:18 of 2nd period - Brett Leason is hit by Sam Lafferty and loses puck.
11:45 of 2nd period - Snap shot by Taylor Raddysh.
11:45 of 2nd period - Stopped by Adin Hill with a rebound.
12:01 of 2nd period - Brett Leason is hit by Jesperi Kotkaniemi and loses puck.
12:07 of 2nd period - Icing by Brett Leason.
12:08 of 2nd period - Ryan Carpenter wins face-off versus Jesperi Kotkaniemi in Nashville Predators zone.
12:13 of 2nd period - Wrist shot by Brett Leason.
12:13 of 2nd period - Shot Blocked by Olli Maatta.
12:26 of 2nd period - Ethan Bear is hit by Sam Lafferty and loses puck.
12:39 of 2nd period - Snap shot by Jesperi Kotkaniemi.
12:39 of 2nd period - Shot Misses the Net.
12:41 of 2nd period - Slapshot by Sam Lafferty.
12:41 of 2nd period - Stopped by Adin Hill with a rebound.
12:43 of 2nd period - Slapshot by Adam Boqvist.
12:43 of 2nd period - Shot Misses the Net.
12:45 of 2nd period - Slapshot by Jake Bean.
12:45 of 2nd period - Stopped by Adin Hill without a rebound.
12:46 of 2nd period - Thomas Novak wins face-off versus Mikko Rantanen in Nashville Predators zone.
13:11 of 2nd period - Kasperi Kapanen is hit by Corey Perry and loses puck.
13:39 of 2nd period - Slapshot by Miro Heiskanen.
13:39 of 2nd period - Deflect By Taylor Raddysh.
13:39 of 2nd period - Shot Blocked by Justin Braun.
13:39 of 2nd period - Puck is out of play.
13:40 of 2nd period - Thomas Novak wins face-off versus Mikko Rantanen in Nashville Predators zone.
13:46 of 2nd period - Minor Penalty to Clayton Keller for High sticking.
13:47 of 2nd period - Sam Lafferty wins face-off versus Blake Wheeler in Vancouver Canucks zone.
13:59 of 2nd period - Slapshot by Cale Makar.
13:59 of 2nd period - Goal by Cale Makar - Vancouver Canucks : 1 - Nashville Predators : 2.
14:00 of 2nd period - Kevin Labanc wins face-off versus Mikko Rantanen in neutral zone.
14:25 of 2nd period - Corey Perry is hit by Aleksander Barkov and loses puck.
14:38 of 2nd period - Snap shot by Aleksander Barkov.
14:38 of 2nd period - Stopped by Adin Hill with a rebound.
14:48 of 2nd period - Jesperi Kotkaniemi is hit by Cale Makar and loses puck.
15:09 of 2nd period - Rasmus Ristolainen is hit by Mikko Rantanen and loses puck.
15:26 of 2nd period - Cale Makar is hit by Maxence Guenette and loses puck.
15:35 of 2nd period - Wrist shot by Aleksander Barkov.
15:35 of 2nd period - Shot Misses the Net.
15:49 of 2nd period - Wrist shot by Anton Lundell.
15:49 of 2nd period - Shot Hit the Post.
15:51 of 2nd period - Slapshot by Anton Lundell.
15:51 of 2nd period - Stopped by Adin Hill with a rebound.
16:05 of 2nd period - Justin Braun is hit by Casey Mittelstadt and loses puck.
16:26 of 2nd period - Artturi Lehkonen is hit by Cameron Hughes and loses puck.
16:52 of 2nd period - Noah Hanifin is hit by Alex Newhook and loses puck.
17:06 of 2nd period - Minor Penalty to Blake Wheeler for Interference.
17:07 of 2nd period - Jesperi Kotkaniemi wins face-off versus Riley Nash in Nashville Predators zone.
17:32 of 2nd period - Artturi Lehkonen is hit by Alexander Alexeyev and loses puck.
19:06 of 2nd period - Penalty to Blake Wheeler is over, Blake Wheeler is back on ice.
19:18 of 2nd period - Slapshot by Alex Newhook.
19:18 of 2nd period - Stopped by Ville Husso with a rebound.
19:20 of 2nd period - Snap shot by Corey Perry.
19:20 of 2nd period - Shot Misses the Net.
19:22 of 2nd period - Backhand shot by Sam Gagner.
19:22 of 2nd period - Stopped by Ville Husso with a rebound.
19:24 of 2nd period - Slapshot by Justin Braun.
19:24 of 2nd period - Stopped by Ville Husso with a rebound.
19:34 of 2nd period - Taylor Raddysh is hit by Thomas Novak and loses puck.
Goals for this period are 0 for Vancouver Canucks vs 2 for Nashville Predators.
Shots for this period are 7 for Vancouver Canucks vs 12 for Nashville Predators.
3rd period
0:01 of 3rd period - Kevin Labanc wins face-off versus Mikko Rantanen in neutral zone.
0:10 of 3rd period - Artturi Lehkonen is hit by Nate Schmidt.
0:51 of 3rd period - Snap shot by Jesperi Kotkaniemi.
0:51 of 3rd period - Deflect By Patrick Maroon.
0:51 of 3rd period - Stopped by Adin Hill without a rebound.
0:52 of 3rd period - Casey Mittelstadt wins face-off versus Riley Nash in Nashville Predators zone.
1:00 of 3rd period - Icing by Cale Makar.
1:01 of 3rd period - Mikko Rantanen wins face-off versus Riley Nash in Nashville Predators zone.
1:28 of 3rd period - Snap shot by Blake Wheeler.
1:28 of 3rd period - Shot Misses the Net.
1:30 of 3rd period - Slapshot by Cale Makar.
1:30 of 3rd period - Stopped by Ville Husso with a rebound.
1:32 of 3rd period - Snap shot by Blake Wheeler.
1:32 of 3rd period - Shot Blocked by Miro Heiskanen.
1:34 of 3rd period - Slapshot by Kevin Labanc.
1:34 of 3rd period - Stopped by Ville Husso with a rebound.
2:17 of 3rd period - Wrist shot by Mikko Rantanen.
2:17 of 3rd period - Goal by Mikko Rantanen - Vancouver Canucks : 2 - Nashville Predators : 2.
2:18 of 3rd period - Thomas Novak wins face-off versus Artturi Lehkonen in neutral zone.
2:23 of 3rd period - Wrist shot by Blake Wheeler.
2:23 of 3rd period - Shot Blocked by Clayton Keller.
2:45 of 3rd period - Snap shot by Casey Mittelstadt.
2:45 of 3rd period - Stopped by Adin Hill without a rebound.
2:46 of 3rd period - Jesperi Kotkaniemi wins face-off versus Sam Gagner in Nashville Predators zone.
3:19 of 3rd period - Wrist shot by Riley Nash.
3:19 of 3rd period - Shot Misses the Net.
4:14 of 3rd period - Icing by Justin Braun.
4:15 of 3rd period - Corey Perry wins face-off versus Casey Mittelstadt in Nashville Predators zone.
4:15 of 3rd period - Corey Perry is hit by Sam Lafferty.
4:27 of 3rd period - Backhand shot by Corey Perry.
4:27 of 3rd period - Stopped by Ville Husso without a rebound.
4:28 of 3rd period - Mikko Rantanen wins face-off versus Thomas Novak in Vancouver Canucks zone.
5:58 of 3rd period - Slapshot by Mikko Rantanen.
5:58 of 3rd period - Shot Misses the Net.
6:24 of 3rd period - Slapshot by Nate Schmidt.
6:24 of 3rd period - Shot Misses the Net.
6:26 of 3rd period - Snap shot by Cameron Hughes.
6:26 of 3rd period - Shot Misses the Net.
6:28 of 3rd period - Wrist shot by Nate Schmidt.
6:28 of 3rd period - Shot Blocked by Jake Bean.
6:30 of 3rd period - Snap shot by Brett Leason.
6:30 of 3rd period - Stopped by Ville Husso without a rebound.
6:31 of 3rd period - Thomas Novak wins face-off versus Artturi Lehkonen in Vancouver Canucks zone.
6:32 of 3rd period - Snap shot by Blake Wheeler.
6:32 of 3rd period - Shot Misses the Net.
6:34 of 3rd period - Slapshot by Blake Wheeler.
6:34 of 3rd period - Stopped by Ville Husso with a rebound.
6:36 of 3rd period - Slapshot by Cale Makar.
6:36 of 3rd period - Shot Blocked by Noah Hanifin.
6:56 of 3rd period - Clayton Keller is hit by Patrick Maroon and loses puck.
7:06 of 3rd period - Minor Penalty to Patrick Maroon for Hooking.
7:07 of 3rd period - Jesperi Kotkaniemi wins face-off versus Riley Nash in Nashville Predators zone.
7:35 of 3rd period - Slapshot by Noah Hanifin.
7:35 of 3rd period - Stopped by Adin Hill with a rebound.
8:38 of 3rd period - Cale Makar is hit by Artturi Lehkonen and loses puck.
9:06 of 3rd period - Penalty to Patrick Maroon is over, Patrick Maroon is back on ice.
9:11 of 3rd period - Alexander Alexeyev is hit by Kasperi Kapanen and loses puck.
10:14 of 3rd period - Mikko Rantanen is hit by Sam Gagner and loses puck.
12:03 of 3rd period - Corey Perry is hit by Jesperi Kotkaniemi and loses puck.
12:15 of 3rd period - Off-side.
12:16 of 3rd period - Thomas Novak wins face-off versus Mikko Rantanen in neutral zone.
12:27 of 3rd period - Slapshot by Miro Heiskanen.
12:27 of 3rd period - Shot Blocked by Alexander Alexeyev.
12:29 of 3rd period - Wrist shot by Clayton Keller.
12:29 of 3rd period - Stopped by Adin Hill with a rebound.
12:31 of 3rd period - Snap shot by Mikko Rantanen.
12:31 of 3rd period - Stopped by Adin Hill with a rebound.
13:10 of 3rd period - Wrist shot by Ryan Carpenter.
13:10 of 3rd period - Stopped by Ville Husso with a rebound.
13:12 of 3rd period - Slapshot by Rasmus Ristolainen.
13:12 of 3rd period - Stopped by Ville Husso with a rebound.
13:14 of 3rd period - Wrist shot by Cameron Hughes.
13:14 of 3rd period - Stopped by Ville Husso without a rebound.
13:15 of 3rd period - Corey Perry wins face-off versus Mikko Rantanen in Vancouver Canucks zone.
13:28 of 3rd period - Wrist shot by Clayton Keller.
13:28 of 3rd period - Deflect By Mikko Rantanen.
13:28 of 3rd period - Stopped by Adin Hill without a rebound.
13:29 of 3rd period - Mikko Rantanen wins face-off versus Thomas Novak in Nashville Predators zone.
13:52 of 3rd period - Minor Penalty to Rasmus Ristolainen for Boarding.
13:53 of 3rd period - Jesperi Kotkaniemi wins face-off versus Brett Leason in Nashville Predators zone.
14:08 of 3rd period - Slapshot by Mikko Rantanen.
14:08 of 3rd period - Shot Blocked by Alexander Alexeyev.
14:25 of 3rd period - Artturi Lehkonen is hit by Ryan Carpenter and loses puck.
15:52 of 3rd period - Penalty to Rasmus Ristolainen is over, Rasmus Ristolainen is back on ice.
17:39 of 3rd period - Rasmus Ristolainen is hit by Sam Lafferty and loses puck.
19:12 of 3rd period - Backhand shot by Thomas Novak.
19:12 of 3rd period - Stopped by Ville Husso without a rebound.
19:13 of 3rd period - Thomas Novak wins face-off versus Jesperi Kotkaniemi in Vancouver Canucks zone.
19:22 of 3rd period - Jesperi Kotkaniemi is hit by Nate Schmidt and loses puck.
Goals for this period are 1 for Vancouver Canucks vs 0 for Nashville Predators.
Shots for this period are 7 for Vancouver Canucks vs 9 for Nashville Predators.
Overtime #1
0:01 of 1st overtime period - Clayton Keller wins face-off versus Thomas Novak in neutral zone.
0:04 of 1st overtime period - Snap shot by Clayton Keller.
0:04 of 1st overtime period - Deflect By Mikko Rantanen.
0:04 of 1st overtime period - Shot Misses the Net.
0:04 of 1st overtime period - Puck is out of play.
0:05 of 1st overtime period - Clayton Keller wins face-off versus Thomas Novak in Nashville Predators zone.
0:08 of 1st overtime period - Slapshot by Mikko Rantanen.
0:08 of 1st overtime period - Shot Blocked by Cale Makar.
0:20 of 1st overtime period - Snap shot by Cale Makar.
0:20 of 1st overtime period - Stopped by Ville Husso with a rebound.
0:30 of 1st overtime period - Miro Heiskanen is hit by Corey Perry and loses puck.
0:51 of 1st overtime period - Kevin Labanc is hit by Mikko Rantanen.
1:03 of 1st overtime period - Thomas Novak is hit by Jake Bean and loses puck.
1:24 of 1st overtime period - Icing by Noah Hanifin.
1:25 of 1st overtime period - Thomas Novak wins face-off versus Casey Mittelstadt in Vancouver Canucks zone.
1:58 of 1st overtime period - Anton Lundell is hit by Rasmus Ristolainen and loses puck.
2:11 of 1st overtime period - Kevin Labanc is hit by Noah Hanifin and loses puck.
3:23 of 1st overtime period - Brett Leason is hit by Artturi Lehkonen and loses puck.
3:38 of 1st overtime period - Mikko Rantanen is hit by Patrick Maroon and loses puck.
Goals for this period are 0 for Vancouver Canucks vs 0 for Nashville Predators.
Shots for this period are 0 for Vancouver Canucks vs 1 for Nashville Predators.
ShootOut
5:00 of 1st overtime period - Round #1.
5:00 of 1st overtime period - Vancouver Canucks, Miro Heiskanen.
5:00 of 1st overtime period - Wrist shot by Miro Heiskanen.
5:00 of 1st overtime period - Goal by Miro Heiskanen.
5:00 of 1st overtime period - Nashville Predators, Blake Wheeler.
5:00 of 1st overtime period - Backhand shot by Blake Wheeler.
5:00 of 1st overtime period - Stopped by Ville Husso.
5:00 of 1st overtime period - Round #2.
5:00 of 1st overtime period - Vancouver Canucks, Anton Lundell.
5:00 of 1st overtime period - Wrist shot by Anton Lundell.
5:00 of 1st overtime period - Stopped by Adin Hill.
5:00 of 1st overtime period - Nashville Predators, Corey Perry.
5:00 of 1st overtime period - Snap shot by Corey Perry.
5:00 of 1st overtime period - Stopped by Ville Husso.
5:00 of 1st overtime period - Round #3.
5:00 of 1st overtime period - Vancouver Canucks, Jesperi Kotkaniemi.
5:00 of 1st overtime period - Deke by Jesperi Kotkaniemi.
5:00 of 1st overtime period - Goal by Jesperi Kotkaniemi.
Back to the Top